TOP OF THE 1ST |
Chicago Cubs batting - Pitching for Arizona Diamondbacks : RHP Art Nobles
|
Pitching: RHP Art Nobles
|
|
Batting: RHB Yasuhide Kasahara
|
0-0: Ball 1-0: Ground out 5-3 (Groundball, 56S, EV 88.8 MPH)
|
Batting: LHB Kevin Norton
|
0-0: Ball 1-0: Ball 2-0: Fly out, F8 (Flyball, 8RXD, EV 100.0 MPH)
|
Batting: RHB Efrain Vargas
|
0-0: Called Strike 0-1: Called Strike 0-2: Foul Ball, location: 2F 0-2: Ball 1-2: SOLO HOME RUN (Flyball, 9LD, EV 97.5 MPH), Distance : 359 ft
|
Batting: SHB Terry Tuckfard
|
0-0: Ball 1-0: Ball 2-0: Called Strike 2-1: Swinging Strike 2-2: SINGLE (Line Drive, 34D, EV 105.0 MPH)
|
Batting: RHB Josh Kalman
|
0-0: Ball 1-0: Foul Ball, location: 2F 1-1: Ball 2-1: Fielders Choice at 2nd, 6-4 (Groundball, 6, EV 84.4 MPH)
|
Top of the 1st over - 1 run, 2 hits, 0 errors, 1 left on base; Chicago 1 - Arizona 0 |
BOTTOM OF THE 1ST |
Arizona Diamondbacks batting - Pitching for Chicago Cubs : LHP Anass Rhammar
|
Pitching: LHP Anass Rhammar
|
|
Batting: RHB Billy Crookston
|
0-0: Swinging Strike 0-1: Ball 1-1: Foul Ball, location: 2F 1-2: Fly out, F9 (Flyball, 89M, EV 86.3 MPH)
|
Batting: RHB Shiro Suehiro
|
0-0: Fly out, F9 (Flyball, 9S, EV 88.8 MPH)
|
Batting: SHB Perry Tuckfard
|
0-0: Ball 1-0: Fly out, F8 (Flyball, 8RXD, EV 108.8 MPH)
|
Bottom of the 1st over - 0 runs, 0 hits, 0 errors, 0 left on base; Chicago 1 - Arizona 0 |
TOP OF THE 2ND |
Chicago Cubs batting - Pitching for Arizona Diamondbacks : RHP Art Nobles
|
Batting: RHB Elijah Campbell
|
0-0: Ball 1-0: Foul Ball, location: 2F 1-1: Foul Ball, location: 2F 1-2: Ball 2-2: Foul Ball, location: 2F 2-2: Ground out 5-3 (Groundball, 56S, EV 65.6 MPH)
|
Batting: RHB Will Leslie
|
0-0: Foul Ball, location: 2F 0-1: Ball 1-1: Ball 2-1: Swinging Strike 2-2: Fly out, F7 (Flyball, 7, EV 97.5 MPH)
|
Batting: RHB Steve Bui
|
0-0: Ball 1-0: Foul Ball, location: 2F 1-1: Ground out 5-3 (Groundball, 5, EV 85.6 MPH)
|
Top of the 2nd over - 0 runs, 0 hits, 0 errors, 0 left on base; Chicago 1 - Arizona 0 |
BOTTOM OF THE 2ND |
Arizona Diamondbacks batting - Pitching for Chicago Cubs : LHP Anass Rhammar
|
Batting: RHB Mario Soto
|
0-0: Called Strike 0-1: Called Strike 0-2: Foul Ball, location: 2F 0-2: Ball 1-2: DOUBLE (Line Drive, 7LS, EV 103.1 MPH)
|
Batting: RHB David Price Jr.
|
0-0: Ball 1-0: Foul Ball, location: 2F 1-1: Ball Passed Ball! Mario Soto to third 2-1: Ball 3-1: Foul Ball, location: 2F 3-2: Strikes out swinging
|
Batting: LHB Roy Steigerwald
|
0-0: Called Strike 0-1: Called Strike 0-2: Strikes out swinging
|
Batting: RHB Blake Ballard
|
0-0: Ground out 2-3 (Groundball, 15S, EV 63.1 MPH)
|
Bottom of the 2nd over - 0 runs, 1 hit, 0 errors, 1 left on base; Chicago 1 - Arizona 0 |
TOP OF THE 3RD |
Chicago Cubs batting - Pitching for Arizona Diamondbacks : RHP Art Nobles
|
Batting: SHB Art Kent
|
0-0: Ball 1-0: Swinging Strike 1-1: Swinging Strike 1-2: Ball 2-2: Ball 3-2: Fly out, F8 (Flyball, 8RS, EV 80.6 MPH)
|
Batting: RHB Yasuhide Kasahara
|
0-0: Called Strike 0-1: Called Strike 0-2: Ball 1-2: Fly out, F7 (Line Drive, 7S, EV 100.0 MPH)
|
Batting: LHB Kevin Norton
|
0-0: Foul Ball, location: 2F 0-1: Ball 1-1: Ball 2-1: Ball 3-1: Fly out, F7 (Line Drive, 7, EV 83.8 MPH)
|
Top of the 3rd over - 0 runs, 0 hits, 0 errors, 0 left on base; Chicago 1 - Arizona 0 |
BOTTOM OF THE 3RD |
Arizona Diamondbacks batting - Pitching for Chicago Cubs : LHP Anass Rhammar
|
Batting: SHB Alec Thorpe
|
0-0: Called Strike 0-1: Ball 1-1: Ball 2-1: Foul Ball, location: 2F 2-2: Foul Ball, location: 2F 2-2: Strikes out swinging
|
Batting: SHB Valentin Laporte
|
0-0: Ball 1-0: Ball 2-0: Foul Ball, location: 2F 2-1: Ball 3-1: Called Strike 3-2: SINGLE (Groundball, 6D, EV 96.3 MPH)
|
Batting: RHB Billy Crookston
|
0-0: Called Strike Valentin Laporte is caught stealing 2nd base 2-4 0-1: Ball 1-1: Ball 2-1: Called Strike 2-2: Ball 3-2: Foul Ball, location: 2F 3-2: Base on Balls
|
Batting: RHB Shiro Suehiro
|
0-0: Ball 1-0: Ball 2-0: Ball 3-0: Fly out, F7 (Flyball, 78D, EV 77.5 MPH)
|
Bottom of the 3rd over - 0 runs, 1 hit, 0 errors, 1 left on base; Chicago 1 - Arizona 0 |
TOP OF THE 4TH |
Chicago Cubs batting - Pitching for Arizona Diamondbacks : RHP Art Nobles
|
Batting: RHB Efrain Vargas
|
0-0: Swinging Strike 0-1: Ball 1-1: Foul Ball, location: 2F 1-2: Ground out 4-3 (Groundball, 4, EV 103.8 MPH)
|
Batting: SHB Terry Tuckfard
|
0-0: Called Strike 0-1: SINGLE (Groundball, 6MD, EV 110.6 MPH) (infield hit)
|
Batting: RHB Josh Kalman
|
0-0: Called Strike Terry Tuckfard steals 2nd base 0-1: Ball 1-1: Called Strike 1-2: Strikes out swinging
|
Batting: RHB Elijah Campbell
|
0-0: Ball 1-0: Ball 2-0: Ground out 6-3 (Groundball, 6S, EV 86.3 MPH)
|
Top of the 4th over - 0 runs, 1 hit, 0 errors, 1 left on base; Chicago 1 - Arizona 0 |
BOTTOM OF THE 4TH |
Arizona Diamondbacks batting - Pitching for Chicago Cubs : LHP Anass Rhammar
|
Batting: SHB Perry Tuckfard
|
0-0: Fly out, F7 (Flyball, 7S, EV 90.6 MPH)
|
Batting: RHB Mario Soto
|
0-0: Called Strike 0-1: SOLO HOME RUN (Flyball, 89XD, EV 104.4 MPH), Distance : 388 ft
|
Batting: RHB David Price Jr.
|
0-0: Called Strike 0-1: Swinging Strike 0-2: Foul Ball, location: 2F 0-2: Ball 1-2: Foul Ball, location: 2F 1-2: Ball 2-2: DOUBLE (Line Drive, 7LM, EV 98.8 MPH)
|
Batting: LHB Roy Steigerwald
|
0-0: Ball 1-0: Called Strike 1-1: Ball 2-1: DOUBLE (Line Drive, 8RD, EV 93.8 MPH) David Price Jr. scores
|
Batting: RHB Blake Ballard
|
0-0: Foul Ball, location: 2F 0-1: Ball 1-1: Foul Ball, location: 2F 1-2: Ball 2-2: Ball 3-2: Foul Ball, location: 2F 3-2: Fly out, F4 (Flyball, 4D, EV 88.8 MPH)
|
Batting: SHB Alec Thorpe
|
0-0: Called Strike 0-1: Ball 1-1: Ball 2-1: Foul Ball, location: 2F 2-2: Fly out, F8 (Line Drive, 8RD, EV 96.9 MPH)
|
Bottom of the 4th over - 2 runs, 3 hits, 0 errors, 1 left on base; Chicago 1 - Arizona 2 |
TOP OF THE 5TH |
Chicago Cubs batting - Pitching for Arizona Diamondbacks : RHP Art Nobles
|
Batting: RHB Will Leslie
|
0-0: Foul Ball, location: 2F 0-1: Ball 1-1: Ball 2-1: SINGLE (Groundball, 5S, EV 66.3 MPH) (infield hit)
|
Batting: RHB Steve Bui
|
0-0: Called Strike 0-1: Foul Ball, location: 2F 0-2: Ball 1-2: Ball 2-2: Fly out, F3 (Popup, 3S, EV 85.0 MPH)
|
Batting: SHB Art Kent
|
0-0: Ball 1-0: Ball 2-0: Called Strike 2-1: DOUBLE (Line Drive, 7LS, EV 94.4 MPH) Will Leslie to third Runner from 3rd tries for Home, throw by LF and OUT! 7-6-2 Runner from 2nd tries for 3rd, throw by C and OUT! 2-6-5 Double Play!
|
Top of the 5th over - 0 runs, 2 hits, 0 errors, 0 left on base; Chicago 1 - Arizona 2 |
BOTTOM OF THE 5TH |
Arizona Diamondbacks batting - Pitching for Chicago Cubs : LHP Anass Rhammar
|
Batting: SHB Valentin Laporte
|
0-0: Called Strike 0-1: Ground out 6-3 (Groundball, 6, EV 101.9 MPH)
|
Batting: RHB Billy Crookston
|
0-0: Called Strike 0-1: DOUBLE (Line Drive, 78XD, EV 103.8 MPH)
|
Batting: RHB Shiro Suehiro
|
0-0: Ball 1-0: Ball 2-0: Ball 3-0: Base on Balls
|
Batting: SHB Perry Tuckfard
|
0-0: Ball 1-0: Ball 2-0: Ball 3-0: Called Strike 3-1: Swinging Strike 3-2: Strikes out looking
|
Batting: RHB Mario Soto
|
0-0: Ball 1-0: Ball 2-0: Ball 3-0: Called Strike 3-1: Foul Ball, location: 2F 3-2: Foul Ball, location: 2F 3-2: Base on Balls Billy Crookston to third Shiro Suehiro to second
|
Batting: RHB David Price Jr.
|
0-0: Swinging Strike 0-1: Ball 1-1: Ball 2-1: DOUBLE (Line Drive, 89M, EV 106.9 MPH) Billy Crookston scores Shiro Suehiro scores Mario Soto to third Runner from 3rd tries for Home, SAFE, throw by RF to home
|
Pitching: RHP Rich Ortega
|
|
Batting: LHB Roy Steigerwald
|
0-0: Swinging Strike 0-1: SINGLE (Groundball, 4MD, EV 95.0 MPH) David Price Jr. to third Runner from 3rd tries for Home, SAFE, throw by CF to home Roy Steigerwald to second
|
Batting: RHB Blake Ballard
|
0-0: Ground out 5-3 (Groundball, 56, EV 86.3 MPH)
|
Bottom of the 5th over - 4 runs, 3 hits, 0 errors, 1 left on base; Chicago 1 - Arizona 6 |
TOP OF THE 6TH |
Chicago Cubs batting - Pitching for Arizona Diamondbacks : RHP Art Nobles
|
Batting: RHB Yasuhide Kasahara
|
0-0: Ball 1-0: Ball 2-0: Called Strike 2-1: Ball 3-1: Ground out U3 (Groundball, 3L, EV 81.9 MPH)
|
Batting: LHB Kevin Norton
|
0-0: Foul Ball, location: 2F 0-1: Ball 1-1: Ball 2-1: Ball 3-1: Base on Balls
|
Batting: RHB Efrain Vargas
|
0-0: Called Strike 0-1: Ball 1-1: Called Strike 1-2: Fielders Choice at 2nd, 3-6 (Groundball, 3, EV 89.4 MPH)
|
Batting: SHB Terry Tuckfard
|
0-0: Ground out 4-3 (Groundball, 3, EV 83.8 MPH)
|
Top of the 6th over - 0 runs, 0 hits, 0 errors, 1 left on base; Chicago 1 - Arizona 6 |
BOTTOM OF THE 6TH |
Arizona Diamondbacks batting - Pitching for Chicago Cubs : RHP Rich Ortega
|
Batting: SHB Alec Thorpe
|
0-0: Ball 1-0: Called Strike 1-1: Swinging Strike 1-2: Fly out, F8 (Line Drive, 8RM, EV 85.0 MPH)
|
Batting: SHB Valentin Laporte
|
0-0: Foul Ball, location: 2F 0-1: Ball 1-1: Foul Ball, location: 2F 1-2: Ball 2-2: Fly out, F8 (Flyball, 8RD, EV 94.4 MPH)
|
Batting: RHB Billy Crookston
|
0-0: DOUBLE (Line Drive, 78M, EV 109.4 MPH)
|
Batting: RHB Shiro Suehiro
|
0-0: Called Strike 0-1: Ball 1-1: Called Strike 1-2: Fly out, F7 (Flyball, 7D, EV 86.3 MPH)
|
Bottom of the 6th over - 0 runs, 1 hit, 0 errors, 1 left on base; Chicago 1 - Arizona 6 |
TOP OF THE 7TH |
Chicago Cubs batting - Pitching for Arizona Diamondbacks : RHP Art Nobles
|
Now at 1B: Valentin Laporte
|
|
Now at 2B: Kyle Beaulieu
|
|
Batting: RHB Josh Kalman
|
0-0: Ball 1-0: Ball 2-0: Ball 3-0: Base on Balls
|
Batting: RHB Elijah Campbell
|
0-0: Foul Ball, location: 2F 0-1: Ball 1-1: Foul Ball, location: 2F 1-2: Ball 2-2: Foul Ball, location: 2F 2-2: Grounds into double play, 6-4-3 (Groundball, 6, EV 89.4 MPH)
|
Batting: RHB Will Leslie
|
0-0: Called Strike 0-1: Ground out 6-3 (Groundball, 6, EV 108.1 MPH)
|
Top of the 7th over - 0 runs, 0 hits, 0 errors, 0 left on base; Chicago 1 - Arizona 6 |
BOTTOM OF THE 7TH |
Arizona Diamondbacks batting - Pitching for Chicago Cubs : RHP Rich Ortega
|
Batting: LHB Kyle Beaulieu
|
0-0: Ball 1-0: Called Strike 1-1: Swinging Strike 1-2: Ball 2-2: Strikes out swinging
|
Batting: RHB Mario Soto
|
0-0: Called Strike 0-1: Ball 1-1: DOUBLE (Line Drive, 7LS, EV 94.4 MPH)
|
Batting: RHB David Price Jr.
|
0-0: Called Strike 0-1: Swinging Strike 0-2: Ball 1-2: Ball 2-2: Foul Ball, location: 2F 2-2: Foul Ball, location: 2F 2-2: Strikes out swinging
|
Batting: LHB Roy Steigerwald
|
0-0: Ball 1-0: Foul Ball, location: 2F 1-1: Ball 2-1: SINGLE (Groundball, 34D, EV 103.8 MPH) Mario Soto to third Runner from 3rd tries for Home, SAFE, throw by RF to home
|
Batting: RHB Blake Ballard
|
0-0: Ball 1-0: SINGLE (Groundball, 34D, EV 99.4 MPH) Roy Steigerwald to second Runner from 2nd tries for 3rd, SAFE, throw by RF made to third
|
Batting: SHB Alec Thorpe
|
0-0: Ball 1-0: Fly out, F9 (Flyball, 9S, EV 85.0 MPH)
|
Bottom of the 7th over - 1 run, 3 hits, 0 errors, 2 left on base; Chicago 1 - Arizona 7 |
TOP OF THE 8TH |
Chicago Cubs batting - Pitching for Arizona Diamondbacks : RHP Art Nobles
|
Pitching: LHP Mario Valdivia
|
|
Batting: RHB Steve Bui
|
0-0: Called Strike 0-1: Ball 1-1: Called Strike 1-2: SINGLE (Groundball, P, EV 87.5 MPH) (infield hit)
|
Batting: SHB Art Kent
|
0-0: Swinging Strike 0-1: Called Strike 0-2: Foul Ball, location: 2F 0-2: Foul Ball, location: 2F 0-2: Strikes out swinging
|
Pitching: RHP Willie Nieto
|
|
Batting: RHB Yasuhide Kasahara
|
0-0: Ball 1-0: Fly out, F9 (Flyball, 9S, EV 86.3 MPH)
|
Pitching: RHP André Gaillard
|
|
Batting: LHB Kevin Norton
|
0-0: Called Strike 0-1: Reached on error, E4 (Groundball, 34D, EV 83.1 MPH) Steve Bui to second
|
Batting: RHB Efrain Vargas
|
0-0: Ball 1-0: Fielders Choice at 2nd, 6-4 (Groundball, 6, EV 90.6 MPH)
|
Top of the 8th over - 0 runs, 1 hit, 1 error, 2 left on base; Chicago 1 - Arizona 7 |
BOTTOM OF THE 8TH |
Arizona Diamondbacks batting - Pitching for Chicago Cubs : RHP Rich Ortega
|
Batting: SHB Valentin Laporte
|
0-0: SOLO HOME RUN (Flyball, 89XD, EV 100.0 MPH), Distance : 407 ft
|
Batting: RHB Billy Crookston
|
0-0: Called Strike 0-1: Ball 1-1: SINGLE (Groundball, 6MD, EV 103.8 MPH)
|
Batting: RHB Shiro Suehiro
|
0-0: Swinging Strike 0-1: Foul Ball, location: 2F 0-2: Ball 1-2: Strikes out looking
|
Pitching: RHP Chris Ray
|
|
Batting: LHB Kyle Beaulieu
|
0-0: Ball 1-0: Ball 2-0: Called Strike 2-1: Ball 3-1: Swinging Strike 3-2: Ground out 4-3 (Groundball, 34D, EV 98.8 MPH) Billy Crookston to second
|
Batting: RHB Mario Soto
|
0-0: Ball 1-0: Ball 2-0: 2-RUN HOME RUN (Flyball, 7D, EV 94.4 MPH), Distance : 370 ft
|
Batting: RHB David Price Jr.
|
0-0: Called Strike 0-1: Ball 1-1: Swinging Strike 1-2: Ball 2-2: SINGLE (Line Drive, 8RS, EV 95.0 MPH)
|
Batting: LHB Roy Steigerwald
|
0-0: Ball 1-0: Called Strike 1-1: Called Strike Pickoff Throw by Catcher to First - Out!
|
Bottom of the 8th over - 3 runs, 4 hits, 0 errors, 0 left on base; Chicago 1 - Arizona 10 |
TOP OF THE 9TH |
Chicago Cubs batting - Pitching for Arizona Diamondbacks : RHP André Gaillard
|
Batting: SHB Terry Tuckfard
|
0-0: Foul Ball, location: 2F 0-1: Foul Ball, location: 2F 0-2: Fly out, F6 (Popup, 4M, EV 56.3 MPH)
|
Batting: RHB Josh Kalman
|
0-0: Ball 1-0: Called Strike 1-1: Swinging Strike 1-2: Strikes out looking
|
Batting: RHB Elijah Campbell
|
0-0: Foul Ball, location: 2F 0-1: Ball 1-1: Foul Ball, location: 2F 1-2: Strikes out swinging
|
Top of the 9th over - 0 runs, 0 hits, 0 errors, 0 left on base; Chicago 1 - Arizona 10 |
|